2809 views
Uploaded 2020-02-08 04:04:19
Game version 1.32 / 1.32.1
12:13 long 1on1 ladder game on (2)EchoIsles
Saved by GreenTea
2809 views
Uploaded 2020-02-08 04:04:19
Game version 1.32 / 1.32.1
12:13 long 1on1 ladder game on (2)EchoIsles

26 units @ 3.8k
/ 0.3k
15 buildings @ 1.5k
/ 0.5k



| Scroll of Healing | 1 | 250 |
| Potion of Lesser Invulnerability | 1 | 150 |
| total: | 2 | 400g |
| Peasant | 7 | 525 | / | 0 |
| Footman | 6 | 810 | / | 0 |
| Rifleman | 8 | 1640 | / | 240 |
| Priest | 3 | 405 | / | 30 |
| Forest Troll Shadow Priest | 1 | 195 | / | 10 |
| Forest Troll Berserker | 1 | 245 | / | 30 |
| total: | 26 | 3820g | / | 310w |
| Scout Tower | 1 | 30 | / | 20 |
| Arcane Tower | 1 | 70 | / | 50 |
| Altar of Kings | 1 | 180 | / | 50 |
| Farm | 10 | 800 | / | 200 |
| Barracks | 1 | 160 | / | 60 |
| Blacksmith | 1 | 140 | / | 60 |
| Arcane Sanctum | 1 | 150 | / | 140 |
| Keep | 1 | 320 | / | 210 |
| Castle | 1 | 360 | / | 210 |
| total: | 15 | 1460g | / | 530w |
| 0:02 | Altar of Kings |
| 0:03 | Peasant |
| 0:03 | Peasant |
| 0:20 | Farm |
| 0:21 | Barracks |
| 0:23 | Peasant |
| 0:35 | Peasant |
| 0:49 | Farm |
| 0:51 | Peasant |
| 1:09 | Peasant |
| 1:24 | Footman |
| 1:27 | Peasant |
| 1:35 | Footman |
| 1:53 | Farm |
| 2:03 | Footman |
| 2:08 | Summon Water Elemental |
| 2:37 | Footman |
| 3:22 | Farm |
| 3:23 | Keep |
| 3:33 | Farm |
| 3:34 | Footman |
| 3:45 | Blacksmith |
| 3:56 | Scout Tower |
| 3:58 | Footman |
| 4:31 | Arcane Tower |
| 4:37 | Brilliance Aura |
| 4:57 | Rifleman |
| 4:59 | Rifleman |
| 5:09 | Black Gunpowder |
| 5:12 | Farm |
| 5:20 | Defend |
| 5:30 | Rifleman |
| 5:46 | Arcane Sanctum |
| 5:58 | Farm |
| 6:33 | Summon Water Elemental |
| 6:48 | Storm Bolt |
| 6:50 | Rifleman |
| 7:14 | Rifleman |
| 7:14 | Long Rifles |
| 7:16 | Priest |
| 7:29 | Rifleman |
| 7:30 | Priest Adept Training |
| 7:46 | Refined Gunpowder |
| 8:02 | Potion of Lesser Invulnerability |
| 8:03 | Scroll of Healing |
| 8:14 | Castle |
| 9:05 | Thunder Clap |
| 9:07 | Forest Troll Shadow Priest |
| 9:08 | Forest Troll Berserker |
| 9:15 | Rifleman |
| 9:30 | Priest |
| 9:52 | Imbued Gunpowder |
| 9:56 | Farm |
| 9:58 | Farm |
| 10:20 | Brilliance Aura |
| 10:42 | Rifleman |
| 11:49 | Priest |
| 11:51 | Farm |
| 11:53 | Holy Light |
| 11:59 | Storm Bolt |
| Right click | 504 |
| Select group | 401 |
| Select | 301 |
| Misc. action | 214 |
| Build/train/purchase | 71 |
| Assign group | 30 |
| Chat | 13 |
| Use ability | 12 |
| Remove unit | 4 |
| Item give/drop | 2 |
18 units @ 2.8k
/ 0.4k
14 buildings @ 2.2k
/ 1.1k


| Rod of Necromancy | 1 | 150 |
| total: | 1 | 150g |
| Acolyte | 4 | 300 | / | 0 |
| Ghoul | 7 | 840 | / | 0 |
| Obsidian Statue | 4 | 800 | / | 140 |
| Abomination | 2 | 480 | / | 140 |
| Frost Wyrm | 1 | 385 | / | 120 |
| total: | 18 | 2805g | / | 400w |
| Nerubian Tower | 1 | 100 | / | 20 |
| Altar of Darkness | 1 | 180 | / | 50 |
| Ziggurat | 6 | 900 | / | 300 |
| Crypt | 1 | 200 | / | 50 |
| Tomb of Relics | 1 | 130 | / | 30 |
| Graveyard | 1 | 215 | / | 0 |
| Slaughterhouse | 2 | 280 | / | 270 |
| Sacrificial Pit | 1 | 75 | / | 150 |
| Boneyard | 1 | 175 | / | 200 |
| Halls of the Dead | 1 | 320 | / | 210 |
| Black Citadel | 1 | 325 | / | 230 |
| total: | 14 | 2155g | / | 1050w |
| 0:04 | Acolyte |
| 0:04 | Acolyte |
| 0:06 | Altar of Darkness |
| 0:10 | Ziggurat |
| 0:33 | Crypt |
| 0:42 | Acolyte |
| 1:03 | Tomb of Relics |
| 1:23 | Ziggurat |
| 1:35 | Ghoul |
| 1:36 | Ghoul |
| 1:59 | Graveyard |
| 2:08 | Death Coil |
| 2:11 | Rod of Necromancy |
| 2:33 | Ghoul |
| 3:01 | Halls of the Dead |
| 3:34 | Ghoul |
| 3:47 | Ziggurat |
| 3:51 | Nerubian Tower |
| 3:53 | Unholy Strength |
| 3:58 | Ghoul |
| 4:14 | Unholy Armor |
| 5:27 | Slaughterhouse |
| 5:50 | Black Citadel |
| 5:53 | Slaughterhouse |
| 6:38 | Frost Nova |
| 6:57 | Obsidian Statue |
| 6:58 | Obsidian Statue |
| 7:56 | Obsidian Statue |
| 8:00 | Obsidian Statue |
| 8:08 | Unholy Aura |
| 8:15 | Destroyer Form |
| 8:17 | Abomination |
| 9:02 | Abomination |
| 9:05 | Disease Cloud |
| 9:08 | Improved Unholy Strength |
| 9:12 | Acolyte |
| 9:24 | Ziggurat |
| 9:28 | Sacrificial Pit |
| 10:08 | Ziggurat |
| 10:23 | Boneyard |
| 10:30 | Ghoul |
| 10:30 | Ghoul |
| 11:11 | Ziggurat |
| 11:38 | Frost Wyrm |
| 12:06 | Frost Armor |
| Right click | 474 |
| Select group | 257 |
| Select | 224 |
| Build/train/purchase | 47 |
| Chat | 23 |
| Assign group | 21 |
| Use ability | 11 |
| Remove unit | 3 |
| Minimap ping | 1 |